 Dungeon Crawl Stone Soup version 0.17-a0-1582-ge6b0260 (webtiles) character file.

31811 Chiseanne the Champion of Chaos (level 13, 0/101 HPs)
             Began as a Demonspawn Wanderer on July 27, 2015.
             Was the Champion of Makhleb.
             Slain by a caustic shrike zombie (6 damage)
             ... on level 15 of the Dungeon.
             The game lasted 01:01:25 (14036 turns).

Chiseanne the Champion of Chaos (DsWn)             Turns: 14036, Time: 01:01:25

Health: 0/101      AC: 13    Str: 15    XL:     13   Next: 28%
Magic:  0/22       EV: 17    Int: 14    God:    Makhleb [******]
Gold:   522        SH:  0    Dex: 15    Spells: 3 memorised, 18 levels left

rFire  . . .     SeeInvis +     s - +7 lajatang (speed)
rCold  . . .     Clarity  +     X - +0 troll leather armour
rNeg   . . .     SustAt   .     (no shield)
rPois  +         Gourm    .     (helmet unavailable)
rElec  .         Spirit   +     O - +1 cloak {rPois}
rCorr  .         Warding  .     J - +1 pair of gloves {archery}
rMut   .         Stasis   .     I - +1 pair of boots
MR     .....                    l - amulet of clarity
Stlth  ++........               R - ring of see invisible
                                n - ring of wizardry

@: not resistant to hostile enchantments, unstealthy
A: claws 1, horns 3, talons 1, powered by pain 1, magic shield, magic
regeneration
a: Minor Destruction, Lesser Servant of Makhleb, Major Destruction, Greater
Servant of Makhleb, Renounce Religion


You were on level 15 of the Dungeon.
You worshipped Makhleb.
Makhleb was exalted by your worship.
You were very hungry.

You visited 2 branches of the dungeon, and saw 16 of its levels.
You also visited: Labyrinth.

You collected 810 gold pieces.
You spent 288 gold pieces at shops.

Inventory:

Hand weapons
 a - a +2 morningstar of protection
 d - a +2 war axe of chopping
 e - a +2 arbalest of flaming
 i - a +2 demon trident of electrocution
 s - a +7 lajatang of speed (weapon)
 w - a +0 blowgun
Missiles
 b - 3 needles of frenzy
 p - 16 bolts of flame
 v - 66 poisoned needles
 S - 48 bolts
Armour
 r - a +0 ice dragon armour
 I - a +1 pair of boots (worn)
 J - a +1 pair of gloves of archery (worn)
 O - a +1 cloak of poison resistance (worn)
 X - a +0 troll leather armour (worn)
Magical staves
 E - an uncursed staff of earth
Jewellery
 l - an amulet of clarity (around neck)
 n - a ring of wizardry (left hand)
 F - an uncursed ring of ice
 R - a ring of see invisible (right hand)
 V - an uncursed ring of teleportation
Magical devices
 y - a wand of digging (6)
 N - a wand of disintegration (14)
 Q - a wand of cold (4)
Scrolls
 c - 9 scrolls of teleportation
 f - 2 scrolls of remove curse
 m - 2 scrolls of fog
 o - a scroll of magic mapping
 z - a scroll of recharging
 D - a scroll of amnesia
 T - 2 scrolls of identify
Potions
 g - 3 potions of curing
 h - a potion of ambrosia
 u - 3 potions of flight
 G - a potion of brilliance
Books
 q - a Young Poisoner's Handbook

   Spells                             Type                      Level
   a - Sting                          Conjuration/Poison           1
   b - Cure Poison                    Poison                       2
   c - Mephitic Cloud                 Conjuration/Poison/Air       3
   d - Olgreb's Toxic Radiance        Poison                       4
   e - Venom Bolt                     Conjuration/Poison           5
 x - the Papyrus of Spatial Changing
   (You found it in a labyrinth)

   Spells                             Type                      Level
   a - Portal Projectile              Translocation                3
   b - Teleport Other                 Translocation                3
   c - Ice Form                       Ice/Transmutation            4
   d - Alistair's Intoxication        Transmutation/Poison         4
   e - Warp Weapon                    Charms/Translocation         5
   f - Phase Shift                    Translocation                5
   g - Blade Hands                    Transmutation                5
   h - Dragon Form                    Transmutation                7
 B - a Necronomicon

   Spells                             Type                      Level
   a - Haunt                          Necromancy/Summoning         7
   b - Borgnjor's Revivification      Necromancy                   8
   c - Death's Door                   Charms/Necromancy            8
   d - Necromutation                  Transmutation/Necromancy     8
 K - Khufu's Tome of Evil Magic
   (You found it on level 6 of the Dungeon)

   Spells                             Type                      Level
   a - Animate Skeleton               Necromancy                   1
   b - Sublimation of Blood           Necromancy                   2
   c - Cigotuvi's Embrace             Necromancy                   5
   d - Death Channel                  Necromancy                   6
Miscellaneous
 t - a phial of floods
Comestibles
 j - 2 slices of pizza
 k - 11 meat rations
 A - 2 beef jerkies
 C - 12 bread rations
 H - 12 royal jellies


   Skills:
 - Level 9.5 Fighting
   Level 1.0 Short Blades
 - Level 1.0 Axes
 - Level 1.0 Throwing
 - Level 11.2 Armour
 - Level 8.9 Dodging
 - Level 1.0 Stealth
   Level 1.0 Shields
 - Level 6.2 Spellcasting
 - Level 2.1 Poison Magic
 + Level 13.0 Invocations
 - Level 7.0 Evocations


You had 18 spell levels left.
You knew the following spells:

 Your Spells              Type           Power        Failure   Level  Hunger
a - Animate Skeleton      Necr           N/A          7%          1    None
b - Cure Poison           Pois           ##........   4%          2    #......
c - Mephitic Cloud        Conj/Pois/Air  #.......     19%         3    ###....


Dungeon Overview and Level Annotations

Branches:
Dungeon (15/15)            Temple (1/1) D:5            Lair (0/8) D:11
    Orc (0/4) D:10         Depths (0/5) D:15
 Vaults: D:13-14

Altars:
Ashenzari
Cheibriados
Dithmenos
Elyvilon
Fedhas
Gozag
Kikubaaqudgha
Makhleb
Nemelex Xobeh
Okawaru
Qazlal
Ru
Sif Muna
Trog
Vehumet
Xom
Yredelemnul
Zin
The Shining One

Shops:
D:13 }   D:14 :   D:15 *

Annotations:
D:5 Prince Ribbit


Innate Abilities, Weirdness & Mutations

You have sharp fingernails.
You have a pair of large horns on your head.
You have sharp toenails.
You sometimes gain a little power by taking damage.
When hurt, damage is shared between your health and your magic reserves.
You regenerate magic rapidly.


Message History

Your headbutt misses the caustic shrike zombie.
The caustic shrike zombie claws you but does no damage.
Your balrug gestures at the deep troll zombie.
The deep troll zombie is smitten.
The deep troll zombie bites your balrug!
The deep troll zombie claws your balrug but does no damage.
The deep troll zombie closely misses your balrug.
You slice the caustic shrike zombie!! The caustic shrike zombie claws you!!
* * * LOW HITPOINT WARNING * * *
You focus on the pain.
You feel your power returning.
The caustic shrike zombie closely misses you.
Your balrug hits the deep troll zombie with a demon whip!
The deep troll zombie is destroyed!
Makhleb accepts your kill.
You barely miss the caustic shrike zombie.
The caustic shrike zombie misses you.
Your balrug hits the caustic shrike zombie with a demon whip!
The caustic shrike zombie is engulfed in flames!!
The caustic shrike zombie claws you!
You die...

.......).## ##......# ##..
####.....# ##.....# #). *
##....# ##....# #[. * #....#
#....# ##.. ##...# ##...#
###.(. #...# #...#### ##....(
*#...###*** #..[)..###...##.
*,,,,.....####..##......#####
*,***.......@...#####..## #
*,,*,.....2Z..P..# ##.#*
**,,,88...Z...8..# #..#
*,,,......PP....# #..#
*,,8...8........# ##.#
*,,,..P.....?...# *##
*,,,.8..>.......#
**,,8....P.8....#
*,,,,88,,,8,,,,*


You could see a spriggan zombie, a caustic shrike zombie and a friendly balrug.

Vanquished Creatures
  Gastronok (D:8)
  Kirke (D:15)
  An orc warlord (D:13)
  A minotaur (Lab)
  Erolcha (D:13)
  2 centaur warriors (D:15)
  A vampire mage (D:15)
  2 tengu warriors (D:13)
  4 skeletal warriors (D:15)
  An unseen horror (D:15)
  3 hill giants
  An ugly thing (D:13)
  A cyclops (D:14)
  2 manticores (D:15)
  A gargoyle (D:13)
  5 trolls
  The ghost of Nattefrost the Poker, an average NaBe of Trog (D:4)
  2 two-headed ogres
  A minotaur skeleton (Lab)
  2 deep elf magi
  A wraith (D:13)
  A shadow (D:11)
  2 humans (D:9)
  6 yaks (D:13)
  5 hungry ghosts
  A centaur simulacrum (D:14)
  5 hogs
  3 hippogriffs
  A mottled dragon (D:14)
  A soldier ant (D:13)
  A warg (D:13)
  2 water moccasins
  5 orc warriors
  4 vampire mosquitoes (D:15)
  Duvessa (D:7)
  5 sky beasts
  8 ice beasts
  4 boggarts
  8 ogres
  A phantom (D:10)
  A black bear (D:8)
  14 centaurs
  A big kobold (D:9)
  A brain worm (D:14)
  A wyvern zombie (D:9)
  Dowan (D:7)
  4 scorpions
  5 giant frogs
  13 killer bees
  3 troll zombies (D:10)
  A wyvern skeleton (D:10)
  19 wights
  3 giant frog zombies
  7 orc priests
  3 hounds
  A quasit (D:10)
  7 crimson imps
  2 centaur zombies
  4 centaur skeletons
  Crazy Yiuf (D:7)
  8 jellies
  2 iguanas
  12 orc wizards
  14 worker ants
  4 ogre zombies (D:10)
  A hound zombie (D:10)
  2 hound skeletons
  A worker ant zombie (D:5)
  16 adders
  3 shadow imps
  5 gnolls (D:6)
  5 oozes (D:8)
  4 worms
  2 adder skeletons
  8 giant geckos
  58 orcs
  A bat zombie (D:5)
  15 goblins
  20 hobgoblins
  21 jackals
  A quokka (D:10)
  4 ball pythons
  12 bats
  8 giant cockroaches
  A giant cockroach zombie (D:5)
  2 giant gecko zombies
  6 giant newts
  2 goblin skeletons (D:10)
  3 goblin zombies (D:10)
  2 hobgoblin zombies (D:10)
  20 kobolds
  3 orc skeletons (D:10)
  15 orc zombies (D:10)
  A quokka skeleton (D:10)
  A quokka zombie (D:6)
  14 rats
488 creatures vanquished.

Vanquished Creatures (collateral kills)
  Josephine (D:13)
  A guardian mummy (D:15)
  A deep troll zombie (D:15)
  A spriggan zombie (D:15)
  3 wraiths (D:13)
  A shadow (D:15)
  An ogre zombie (D:13)
  A plant (D:15)
10 creatures vanquished.

Vanquished Creatures (others)
  A centaur warrior (D:13)
  A komodo dragon (shapeshifter) (D:13)
  A tengu conjurer (D:13)
  A troll (D:13)
  A human (D:15)
  2 centaurs (D:13)
  A giant frog skeleton (D:13)
  2 orcs (D:13)
  A plant (D:15)
11 creatures vanquished.

Grand Total: 509 creatures vanquished

Notes
Turn   | Place    | Note
--------------------------------------------------------------
     0 | D:1      | Chiseanne the Demonspawn Wanderer began the quest for the Orb.
     0 | D:1      | Chiseanne set off with: a +2 short sword, a potion of lignification, a scroll of teleportation, a +0 robe, a bread ration
     0 | D:1      | Reached XP level 1. HP: 18/18 MP: 1/1
   271 | D:1      | Gained mutation: You have sharp toenails. [demonic ancestry]
   271 | D:1      | Reached XP level 2. HP: 24/24 MP: 2/2
   312 | D:1      | Reached skill level 1 in Armour
   835 | D:2      | Reached XP level 3. HP: 29/29 MP: 3/3
  1108 | D:2      | Found a blossoming altar of Fedhas.
  1587 | D:3      | Learned a level 2 spell: Cure Poison
  1660 | D:3      | Gained mutation: You have a pair of small horns on your head. [demonic ancestry]
  1660 | D:3      | Reached XP level 4. HP: 27/36 MP: 4/4
  2134 | D:3      | Found a burning altar of Makhleb.
  2143 | D:3      | Became a worshipper of Makhleb the Destroyer
  2371 | D:4      | Noticed an ogre
  2385 | D:4      | Killed an ogre
  2385 | D:4      | Reached skill level 4 in Fighting
  2385 | D:4      | Reached XP level 5. HP: 20/42 MP: 5/5
  2666 | D:4      | Acquired Makhleb's first power
  2682 | D:4      | Noticed Nattefrost's ghost (average NaBe)
  2730 | D:4      | Killed Nattefrost's ghost
  2730 | D:4      | Gained mutation: You have a pair of horns on your head. [demonic ancestry]
  2730 | D:4      | Reached XP level 6. HP: 45/49 MP: 6/6
  3186 | D:4      | Noticed a sky beast
  3198 | D:4      | Killed a sky beast
  3198 | D:4      | Gained mutation: When hurt, damage is shared between your health and your magic reserves. [demonic ancestry]
  3198 | D:4      | Reached XP level 7. HP: 31/55 MP: 7/7
  3340 | D:5      | Entered Level 5 of the Dungeon
  3340 | D:5      | Found a staircase to the Ecumenical Temple.
  3346 | Temple   | Entered the Ecumenical Temple
  3349 | Temple   | Reached skill level 5 in Fighting
  3538 | D:5      | Reached skill level 5 in Armour
  3643 | D:5      | Reached skill level 1 in Spellcasting
  3686 | D:5      | Noticed Prince Ribbit
  4095 | D:5      | Acquired Makhleb's second power
  4493 | D:5      | Gained mutation: You sometimes gain a little power by taking damage. [demonic ancestry]
  4493 | D:5      | Reached XP level 8. HP: 62/62 MP: 10/10
  5114 | D:6      | Reached skill level 6 in Armour
  5188 | D:6      | Acquired Makhleb's third power
  5825 | D:6      | Reached skill level 5 in Dodging
  5947 | D:6      | Reached skill level 7 in Armour
  5986 | D:6      | Gained mutation: You have sharp fingernails. [demonic ancestry]
  5986 | D:6      | Reached XP level 9. HP: 22/69 MP: 8/14
  6360 | D:6      | Acquired Makhleb's fourth power
  6538 | D:6      | Identified Khufu's Tome of Evil Magic
  7101 | D:7      | Acquired Makhleb's fifth power
  7247 | D:7      | Noticed Crazy Yiuf
  7251 | D:7      | Killed Crazy Yiuf
  7379 | D:7      | Found a glowing silver altar of Zin.
  7538 | D:7      | Reached skill level 8 in Armour
  7592 | D:7      | Noticed Duvessa
  7595 | D:7      | Noticed Dowan
  7606 | D:7      | Killed Duvessa
  7613 | D:7      | Killed Dowan
  8381 | D:8      | Gained mutation: You regenerate magic rapidly. [demonic ancestry]
  8381 | D:8      | Reached XP level 10. HP: 79/79 MP: 15/17
  8540 | D:8      | Noticed Gastronok
  8556 | D:8      | Killed Gastronok
  8556 | D:8      | Reached skill level 9 in Armour
  8556 | D:8      | Reached skill level 5 in Spellcasting
  8601 | D:8      | Found a shimmering altar of Xom.
  8604 | D:8      | Found a sparkling altar of Nemelex Xobeh.
  8605 | D:8      | Found an ancient bone altar of Kikubaaqudgha.
  8605 | D:8      | Found a snail-covered altar of Cheibriados.
  8605 | D:8      | Found a sacrificial altar of Ru.
  8606 | D:8      | Found a white marble altar of Elyvilon.
  8609 | D:8      | Found a basalt altar of Yredelemnul.
  8610 | D:8      | Found a shadowy altar of Dithmenos.
  9163 | D:9      | Found an iron altar of Okawaru.
  9288 | D:9      | Found a radiant altar of Vehumet.
  9311 | D:9      | Learned a level 1 spell: Animate Skeleton
  9564 | D:9      | Reached skill level 1 in Evocations
  9596 | D:9      | Reached skill level 10 in Armour
  9735 | D:9      | Reached XP level 11. HP: 87/87 MP: 19/19
  9753 | D:10     | Entered Level 10 of the Dungeon
 10166 | D:10     | Found a staircase to the Orcish Mines.
 10945 | D:11     | Found a staircase to the Lair.
 11462 | D:12     | Reached skill level 5 in Evocations
 11516 | D:13     | Noticed Erolcha
 11529 | D:13     | Killed Erolcha
 11598 | D:13     | Found a labyrinth entrance.
 11600 | D:13     | Noticed a tengu warrior
 11607 | D:13     | Noticed a centaur warrior
 11618 | D:13     | Killed a centaur warrior
 11618 | D:13     | Reached skill level 11 in Armour
 11634 | D:13     | Killed a tengu warrior
 11634 | D:13     | Reached XP level 12. HP: 68/95 MP: 15/20
 11692 | Lab      | Entered a labyrinth
 11992 | Lab      | Noticed a minotaur
 12002 | Lab      | Killed a minotaur
 12021 | Lab      | Identified the Papyrus of Spatial Changing
 12206 | D:13     | Identified a scroll of acquirement
 12257 | D:13     | Learned a level 3 spell: Mephitic Cloud
 12270 | D:13     | Noticed Josephine
 12302 | D:13     | Killed Josephine
 12302 | D:13     | Reached skill level 1 in Poison Magic
 12360 | D:13     | Found Gilyofia's Gadget Emporium.
 12382 | D:13     | Noticed a hill giant
 12391 | D:13     | Killed a hill giant
 12645 | D:13     | Noticed an orc warlord
 12776 | D:13     | Noticed a hill giant
 12791 | D:13     | Killed a hill giant
 12801 | D:13     | Killed an orc warlord
 12801 | D:13     | Reached skill level 5 in Invocations
 12987 | D:14     | Noticed a seven-headed hydra
 13297 | D:14     | Found a sacrificial altar of Ru.
 13527 | D:14     | Found Ujiyqedgh's Book Shoppe.
 13566 | D:15     | Entered Level 15 of the Dungeon
 13619 | D:15     | Noticed Kirke
 13643 | D:15     | Killed Kirke
 13643 | D:15     | Reached skill level 10 in Invocations
 13742 | D:15     | Noticed a centaur warrior
 13751 | D:15     | Found Deiprel's Demolitions Depot.
 13769 | D:15     | Bought a wand of disintegration (14) for 288 gold pieces
 13802 | D:15     | Killed a centaur warrior
 13802 | D:15     | Gained mutation: You have a pair of large horns on your head. [demonic ancestry]
 13802 | D:15     | Reached XP level 13. HP: 86/101 MP: 14/22
 13837 | D:15     | Noticed a centaur warrior
 13858 | D:15     | Reached skill level 12 in Invocations
 13925 | D:15     | Killed a centaur warrior
 14023 | D:15     | Reached skill level 13 in Invocations
 14025 | D:15     | Found a staircase to the Depths.
 14028 | D:15     | Noticed a caustic shrike zombie
 14035 | D:15     | HP: 5/101 [caustic shrike zombie (16)]
 14036 | D:15     | Slain by a caustic shrike zombie

Vault maps used:
D:1:      sevenhm_arrival_forest_fort_small_4
D:2:      first_bread, fedhas_altar_2
D:3:      lemuel_coloured_pillars_altar
D:4:      st_stairs_6
D:5:      forest_paths, minmay_temple_entry_overgrown, uniq_prince_ribbit1
D:6:      corexii_shack_village, serial_park_tiny_2,
          minmay_misc_feat_four_crosses, dk_rats_in_the_wall
D:7:      old_standard_altar, uniq_crazy_yiuf_cottage, uniq_duvessa
D:8:      minitemple, hangedman_little_slice_of_home, uniq_gastronok
D:9:      okawaru_humans, basic_altar, minmay_misc_feat_diagonals
D:10:     zombieorc2_lemuel
D:11:     lair_0_dummy, small_statue_alley_a
D:12:     portal_ice_cave_entry_ice_beasts, minmay_misc_feat_chi
D:13:     serial_glass, glass_columns_a, glass_columns_a, glass_columns_b,
          glass_columns_a, serial_shops, nicolae_shop_window_shopping,
          lab_entry_generic, uniq_josephine, uniq_erolcha
D:14:     david_vaults_1, serial_park_avenue1, serial_column_ruins,
          column_ruins_temple_hall, column_ruins_hut, column_ruins_grid_1,
          column_ruins_corridor_straight, column_ruins_corridor_straight,
          column_ruins_open_tiny, serial_shops, kennysheep_mini
D:15:     gammafunk_depths_entry_grave, nicolae_blasting_shop, uniq_kirke
Temple:   temple_island_7
Lab:      nicolae_lab_dead_adventurers, nicolae_lab_statue, nicolae_lab_plus,
          lab_fountain

Action                   |  1- 3 |  4- 6 |  7- 9 | 10-12 | 13-15 || total
-------------------------+-------+-------+-------+-------+-------++-------
Melee: Short sword       |   189 |    12 |       |       |       ||   201
       Dagger            |       |   153 |   189 |       |       ||   342
       Rapier            |       |     5 |   115 |       |       ||   120
       Flail             |       |       |    47 |       |       ||    47
       Lajatang          |       |       |   220 |   742 |    87 ||  1049
 Fire: Blowgun           |       |       |    56 |    72 |       ||   128
       Arbalest          |       |       |       |    20 |       ||    20
Throw: Javelin           |       |     4 |    53 |     4 |       ||    61
       Tomahawk          |       |       |     8 |     9 |       ||    17
 Cast: Mephitic Cloud    |       |       |       |     8 |       ||     8
Invok: Greater Servant o |       |       |       |       |     1 ||     1
Evoke: Wand              |       |       |       |    11 |       ||    11
       Phial of floods   |       |       |       |     1 |       ||     1
  Use: Scroll            |    11 |       |    13 |    16 |       ||    40
       Potion            |       |     3 |     6 |     6 |     5 ||    20
 Stab: Distracted        |       |       |     1 |       |       ||     1
       Invisible         |       |       |       |     6 |       ||     6
       Confused          |       |       |       |     1 |       ||     1
       Sleeping          |       |       |       |     1 |       ||     1
  Eat: Chunk             |     3 |     5 |    17 |    17 |       ||    42
       Fruit             |       |       |       |     7 |       ||     7
